 Dungeon Crawl Stone Soup version 0.22-a0-253-gf9d0ce5 (webtiles) character file.

2248 KristoblXynda the Carver (level 9, -1/105 HPs)
             Began as a Purple Draconian Fighter on Mar 3, 2018.
             Was an Initiate of Fedhas.
             Slain by an orc warrior
             ... wielding a +0 battleaxe
              (13 damage)
             ... on level 7 of the Dungeon.
             The game lasted 00:12:56 (5876 turns).

KristoblXynda the Carver (Purple Draconian Fighter) Turns: 5876, Time: 00:12:57

Health: -1/105     AC: 24    Str: 21    XL:     9   Next: 15%
Magic:  9/9        EV:  2    Int: 11    God:    Fedhas [......]
Gold:   207        SH: 10    Dex: 12    Spells: 8/8 levels left

rFire    . . .     SeeInvis .   B - +0 long sword (slice)
rCold    . . .     Gourm    +   b - +0 shield
rNeg     + + +     Faith    .   (armour unavailable)
rPois    +         Spirit   .   (helmet currently unavailable)
rElec    .         Reflect  .   (cloak currently unavailable)
rCorr    .         Harm     .   (gloves currently unavailable)
MR       +....     NoTele   +   (boots currently unavailable)
Stlth    +.........             q - amulet of the gourmand
HPRegen  0.67/turn              n - +1 ring of slaying
MPRegen  0.11/turn              x - +3 ring of strength

@: tree-form
A: (breathe power), unfitting armour, regeneration 1, AC +7
a: Fungal Bloom, Renounce Religion


You were on level 7 of the Dungeon.
You worshipped Fedhas.
Fedhas was noncommittal.
You were not hungry.
You were a tree.
You visited 2 branches of the dungeon, and saw 8 of its levels.

You collected 207 gold pieces.

Inventory:

Hand Weapons
 B - a +0 long sword of slicing (weapon)
Armour
 b - a +0 shield (worn)
 j - a +0 pair of gloves (melded)
 w - a cursed +0 pair of boots (melded)
Jewellery
 m - an uncursed ring of poison resistance
 n - a +1 ring of slaying (left branch)
 q - an amulet of the gourmand (around neck)
 u - an uncursed amulet of magic regeneration
 x - a +3 ring of strength (right branch)
Wands
 A - a wand of digging (16)
Scrolls
 c - a scroll of vulnerability {unknown}
 f - 2 scrolls of teleportation
 g - 5 scrolls of blinking {unknown}
 l - 3 scrolls of remove curse
 o - 3 scrolls of enchant weapon {unknown}
 p - 2 scrolls of amnesia {unknown}
 r - a scroll of fear {unknown}
 s - 2 scrolls of magic mapping {unknown}
 t - 2 scrolls of enchant armour {unknown}
 y - a scroll of identify
Potions
 e - a potion of flight
 h - a potion of curing
 i - a potion of magic
 k - 2 potions of mutation
 z - a potion of haste {unknown}
Comestibles
 d - 17 rations


   Skills:
 - Level 3.2 Fighting
 * Level 8.9 Long Blades
 + Level 6.2 Dodging
 + Level 6.7 Shields


You had 8 spell levels left.
You didn't know any spells.

Dungeon Overview and Level Annotations

Branches:
Dungeon (7/15)             Temple (1/1) D:4

Altars:
Ashenzari
Cheibriados
Dithmenos
Elyvilon
Fedhas
Gozag
Hepliaklqana
Kikubaaqudgha
Makhleb
Nemelex Xobeh
Okawaru
Qazlal
Ru
Sif Muna
Trog
Uskayaw
Vehumet
Wu Jian
Xom
Yredelemnul
Zin
The Shining One


Innate Abilities, Weirdness & Mutations

((You can breathe bolts of dispelling energy.))
((Your rich purple scales are hard. (AC +7)))
You cannot fit into any form of body armour.
((You are cold-blooded and may be slowed by cold attacks.))
((You have sharp fingernails.))
((Your system is resistant to poisons. (rPois)))
Your natural rate of healing is unusually fast.


Message History

The orc warrior is almost dead.
The orc warrior misses you.
You riposte.
You closely miss the orc warrior.
You tail-slap the orc warrior, but do no damage.
The orc warrior is almost dead.
Unknown command.
You turn into a tree.
Your +0 pair of gloves melds into your body.
Your cursed +0 pair of boots melds into your body.
Your roots penetrate the ground.
You barely miss the orc warrior.
The orc warrior is almost dead.
You block the orc warrior's attack.
You hit the orc warrior but do no damage.
The orc warrior is almost dead.
The orc priest invokes the aid of Beogh against you.
Beogh smites you!
* * * LOW HITPOINT WARNING * * *
The orc warrior hits you with a battleaxe!
You die...
Fedhas appreciates your contribution to the ecosystem.

##....... ..W.. ....#..#
...#######.#... #...#..###
##....#.........#.........
....#.#.#.......#.........
.##.(.#................###
........#................?
.#####..#.#.............#.
#...).#.####.###.###..#
##.###.#.# #.)♣oo.......
..........# #..##W.....#.
###.###.).####..##..###.#
#.........>.......# #
#####.##.###........
#.##.# ######.## #.##.# .#
#.##.# .# #. #..


You could see a phantom, an orc warrior and an orc priest.

Vanquished Creatures
  Pikel (D:4)
  Sigmund (D:4)
  Edmund (D:5)
  3 ice beasts (D:6)
  2 ogres (D:6)
  3 phantoms
  A scorpion (D:4)
  A howler monkey (D:6)
  3 crimson imps (D:5)
  A bullfrog zombie (D:7)
  2 hounds (D:4)
  An orc priest (D:5)
  An orc wizard (D:7)
  An iguana (D:4)
  6 worker ants
  2 killer bee zombies (D:5)
  A hound skeleton (D:6)
  A howler monkey zombie (D:6)
  A howler monkey skeleton (D:6)
  10 adders
  An ooze (D:2)
  An adder skeleton (D:7)
  4 worms
  A dart slug (D:2)
  10 orcs
  3 ball pythons
  9 giant cockroaches
  6 goblins
  11 hobgoblins
  12 jackals
  5 quokkas
  10 bats
  6 frilled lizards
  A jackal skeleton (D:7)
  8 kobolds
  12 rats
143 creatures vanquished.

Vanquished Creatures (others)
  17 toadstools
17 creatures vanquished.

Grand Total: 160 creatures vanquished

Notes
Turn   | Place    | Note
-------+----------+-------------------------------------------
     0 | D:1      | KristoblXynda the Draconian Fighter began the quest for the Orb.
     0 | D:1      | Reached XP level 1. HP: 19/19 MP: 1/1
   297 | D:1      | Reached XP level 2. HP: 26/26 MP: 2/2
   859 | D:2      | Reached XP level 3. HP: 31/31 MP: 3/3
   861 | D:2      | Reached skill level 3 in Long Blades
  1161 | D:2      | Noticed a phantom
  1183 | D:2      | Killed a phantom
  1183 | D:2      | Reached XP level 4. HP: 37/38 MP: 4/4
  1259 | D:2      | Reached skill level 4 in Long Blades
  1259 | D:2      | Reached XP level 5. HP: 41/45 MP: 5/5
  1728 | D:2      | Found an ancient bone altar of Kikubaaqudgha.
  2678 | D:4      | Reached XP level 6. HP: 26/51 MP: 6/6
  3081 | D:4      | Reached skill level 5 in Long Blades
  3182 | D:4      | Noticed Pikel
  3189 | D:4      | Noticed a slave
  3189 | D:4      | Killed Pikel
  3189 | D:4      | Reached skill level 6 in Long Blades
  3189 | D:4      | Reached skill level 5 in Shields
  3189 | D:4      | Your scales start taking on a rich purple colour.
  3189 | D:4      | Reached XP level 7. HP: 45/57 MP: 7/7
  3587 | D:4      | Found a staircase to the Ecumenical Temple.
  3656 | D:4      | Noticed Sigmund
  3687 | D:4      | Killed Sigmund
  3687 | D:4      | Reached skill level 7 in Long Blades
  3687 | D:4      | Reached skill level 5 in Dodging
  3687 | D:4      | Reached XP level 8. HP: 22/63 MP: 8/8
  3720 | Temple   | Entered the Ecumenical Temple
  4001 | Temple   | Became a worshipper of Fedhas Madash
  4074 | D:5      | Entered Level 5 of the Dungeon
  4130 | D:5      | Noticed Edmund
  4171 | D:5      | Gained mutation: Your natural rate of healing is unusually fast. [potion of mutation]
  4171 | D:5      | Gained mutation: You have sharp fingernails. [potion of mutation]
  4171 | D:5      | Gained mutation: Your system is resistant to poisons. (rPois) [potion of mutation]
  4197 | D:5      | HP: 3/63 [worker ant (8)]
  4539 | D:5      | Killed Edmund
  4625 | D:5      | Found a blossoming altar of Fedhas.
  4893 | D:6      | Reached skill level 8 in Long Blades
  5277 | D:6      | Reached XP level 9. HP: 59/70 MP: 9/9
  5876 | D:7      | Slain by an orc warrior

Vault maps used:
D:1:      minmay_arrival_split_and_join, minivault_27, interstate_on_off,
          minmay_hexomino_p4
D:2:      cheibrodos_old_hovel, marbit_many_paths, minmay_misc_feat_nine_boxes
D:4:      minmay_temple_entry_hall, first_ration, serial_bayou_ford_a,
          st_stairs_9, uniq_sigmund, uniq_pikel
D:5:      fedhas_altar_2, uniq_edmund
Temple:   kilobyte_greek_temple

Skill      XL: |  1  2  3  4  5  6  7  8 |
---------------+-------------------------+-----
Dodging        | 3 4 5 6 |  6.2
Long Blades    | 3 4 6 7 8 |  8.9
Shields        | 4 5 6 |  6.7
Fighting       | |  3.2

Action                   |  1- 3 |  4- 6 |  7- 9 || total
-------------------------+-------+-------+-------++-------
Melee: Long sword        |    91 |   198 |   322 ||   611
       Tailslap          |    12 |    20 |    34 ||    66
Invok: Fungal Bloom      |       |       |    11 ||    11
 Abil: Breathe Dispellin |       |       |     5 ||     5
  Use: Scroll            |     4 |     1 |     5 ||    10
       Potion            |     1 |     2 |     6 ||     9
 Stab: Sleeping          |       |     1 |     2 ||     3
  Eat: Chunk             |     1 |    19 |     6 ||    26
Armor: Skin              |    39 |    72 |    76 ||   187
Dodge: Dodged            |    35 |    97 |   130 ||   262
Block: Shield            |    49 |   100 |   134 ||   283
       Rpst.: Long sword |     6 |    35 |    43 ||    84

Table legend:
 A = Spawn XP
 B = Non-spawn XP
 C = Spawn XP percentage of total XP
 D = Spawn monster count
 E = Non-spawn monster count
 F = Spawn count percentage of total count
 G = Total turns spent on level
                    A         B        C        D         E        F      G
               +---------+---------+-------+---------+---------+-------+---------
         Total |       0 |    3212 |   0.0 |       0 |     143 |   0.0 |  5876
               +---------+---------+-------+---------+---------+-------+---------
           D:1 |       0 |      27 |   0.0 |       0 |      19 |   0.0 |   815
           D:2 |       0 |     230 |   0.0 |       0 |      35 |   0.0 |   945
           D:3 |       0 |      85 |   0.0 |       0 |      28 |   0.0 |   846
           D:4 |       0 |    1293 |   0.0 |       0 |      18 |   0.0 |  1150
           D:5 |       0 |     468 |   0.0 |       0 |      19 |   0.0 |   746
           D:6 |       0 |    1001 |   0.0 |       0 |      18 |   0.0 |   936
           D:7 |       0 |     108 |   0.0 |       0 |       6 |   0.0 |   120
               +---------+---------+-------+---------+---------+-------+---------
